 Dungeon Crawl Stone Soup version 0.29.1-12-g30fa7ad0bf (webtiles) character file.

Game seed: 17335093468953134836

3 Gabide the Trooper (level 1, -1/18 HPs)
             Began as a Formicid Berserker on Dec 19, 2022.
             Was a Follower of Trog.
             Slain by a ball python (2 damage)
             ... on level 1 of the Dungeon.
             The game lasted 00:00:23 (241 turns).

Gabide the Trooper (Formicid Berserker)              Turns: 241, Time: 00:00:24

Health: -1/18      AC:  2    Str: 21    XL:     1   Next: 55%
Magic:  1/1        EV: 12    Int:  6    God:    Trog [*.....]
Gold:   17         SH:  0    Dex: 13    Spells: 0/0 levels left

rFire   . . .      SeeInvis +   a - +0 mace
rCold   . . .      Faith    .   (no shield)
rNeg    . . .      Spirit   .   b - +0 animal skin
rPois   .          Reflect  .   (helmet unavailable)
rElec   .          Harm     .   (no cloak)
rCorr   .          Rampage  .   (no gloves)
Will    .....                   (no boots)
Stlth   +.........              (no amulet)
HPRegen 0.06/turn               (no ring)
MPRegen 0.07/turn               (no ring)

@: no status effects
A: permanent stasis, dig shafts and tunnels, antennae 3, four strong arms
a: Dig, Shaft Self, Renounce Religion


You were on level 1 of the Dungeon.
You worshipped Trog.
Trog was aware of your devotion.
You visited 1 branch of the dungeon, and saw 1 of its levels.

You collected 17 gold pieces.

Inventory:

Hand Weapons
 a - a +0 mace (weapon)
Missiles
 c - 4 poisoned darts (quivered)
Armour
 b - a +0 animal skin (worn)


   Skills:
 * Level 3.4 Fighting
 * Level 3.1 Maces & Flails
 - Level 2.1 Armour
 + Level 1.8 Dodging


You couldn't memorise any spells.
You didn't know any spells.
Your spell library was empty.

Dungeon Overview and Level Annotations

Branches:
Dungeon (1/15)

Altars:


Innate Abilities, Weirdness & Mutations

You cannot be hasted, slowed, berserked, paralysed or teleported.
You can dig through walls and to a lower floor.
You have a pair of large antennae on your head. (SInv)
Your four strong arms can wield two-handed weapons with a shield.


Message History

You open the door.
A kobold comes into view. It is wielding a +0 whip.
A kobold is nearby!
You throw a poisoned dart. The poisoned dart hits the kobold.
The kobold shouts!
A ball python comes into view.
The ball python hisses angrily.
The kobold hits you with a +0 whip.
You hit the kobold.
The kobold is moderately wounded.
The kobold closely misses you. The kobold barely misses you.
You closely miss the kobold.
The kobold is moderately wounded.
The kobold hits you with a +0 whip.
You hit the kobold but do no damage.
The kobold is moderately wounded.
The ball python closely misses you. The ball python grabs you.
The ball python constricts you. The kobold hits you but does no damage.
You barely miss the ball python. The ball python bites you.
The ball python constricts you. The kobold hits you with a +0 whip.
* * * LOW HITPOINT WARNING * * *
The ball python bites you.
* * * LOW HITPOINT WARNING * * *
The ball python constricts you.
* * * LOW HITPOINT WARNING * * *
Throw: 5 darts (poison)
Press: ? - help, Q - select action, (/) - cycle Shift-Dir - straight line, f/p - kobold
Aim: a kobold, wielding a +0 whip and quivering stones (moderately wounded, 50% to hit)
Okay, then.
Unknown command.
You escape the ball python's grasp.
The kobold throws a stone.
The stone hits you.
* * * LOW HITPOINT WARNING * * *
You aren't carrying any potions.
Throw: 5 darts (poison)
Press: ? - help, Q - select action, (/) - cycle Shift-Dir - straight line, f - ball python, p - kobold
Aim: a ball python (53% to hit)
You throw a poisoned dart. The poisoned dart hits the ball python.
The ball python bites you.
You die...

##### ############# #....
............###....
...........'.+....
######.......###....
######.K.................
.......S@.........##.....
......(###........##.....
...(... #...)..........#
....... #+#####......††#
#...... #........#
#.#..## #........# . ...
#........+ ...#
#........# +........#


You could see a ball python and a kobold.

Vanquished Creatures
  A giant cockroach (D:1)
  A quokka (D:1)
  A goblin (D:1)
3 creatures vanquished.

Notes
Turn   | Place    | Note
-------+----------+-------------------------------------------
     0 | D:1      | Gabide the Formicid Berserker began the quest for the Orb.
     0 | D:1      | Reached XP level 1. HP: 18/18 MP: 1/1
   241 | D:1      | Slain by a ball python

Illustrated notes

Levels and vault maps discovered:
D:1:      co_arrival_random_square_maze, layout_basic, serial_shops, shop,
          shapermc_ecumenical_altar_notcrosses

Action                   || total
-------------------------++-------
Melee: Mace              ||    12
Throw: Dart              ||     3
Armor: Animal skin       ||     2
Dodge: Dodged            ||    15
